 Dungeon Crawl Stone Soup version 0.29.1-1-gd02db69 (webtiles) character file.

Game seed: 16883470488054357366

170 Timinator the Insei (level 5, -1/41 HPs)
             Began as a Demigod Transmuter on Jan 14, 2023.
             Slain by a hornet (16 damage)
             ... on level 4 of the Dungeon.
             The game lasted 00:10:10 (4185 turns).

Timinator the Insei (Demigod Transmuter)            Turns: 4185, Time: 00:10:10

Health: -1/41      AC:  4    Str: 11    XL:     5   Next: 4%
Magic:  9/10       EV: 12    Int: 21    God:
Gold:   191        SH:  0    Dex: 18    Spells: 5/8 levels left

rFire   . . .      SeeInvis .     - Unarmed
rCold   . . .      Faith    .   (no shield)
rNeg    . . .      Spirit   .   k - +0 leather armour
rPois   .          Reflect  .   (helmet currently unavailable)
rElec   .          Harm     .   (no cloak)
rCorr   .          Rampage  .   h - +0 pair of gloves
Will    .....                   (boots currently unavailable)
Stlth   +.........              (no amulet)
HPRegen 0.13/turn               l - +6 ring of intelligence
MPRegen 0.12/turn               e - ring of flight

@: mighty, appendages, flying, slowed, very slow
A: horns 2, talons 2, high MP 1, forlorn, divine attributes
a: End Transformation


You were on level 4 of the Dungeon.
You had temporarily grown beastly horns and talons.
You visited 1 branch of the dungeon, and saw 4 of its levels.

You collected 191 gold pieces.

Inventory:

Missiles
 v - 3 curare-tipped darts
 w - 5 atropa-tipped darts (quivered)
Armour
 h - a +0 pair of gloves (worn)
 j - a +3 ring mail
 k - a +0 leather armour (worn)
Jewellery
 e - a ring of flight (right hand)
 l - a +6 ring of intelligence (left hand)
Wands
 o - a wand of flame (24)
Scrolls
 b - a scroll of fog {unknown}
 d - a scroll of noise {unknown}
 m - a scroll of vulnerability
 q - 2 scrolls of teleportation
 r - a scroll of poison {unknown}
 t - a scroll of immolation {unknown}
 u - a scroll of blinking {unknown}
Potions
 c - a potion of haste {unknown}
 f - a potion of ambrosia {unknown}
 g - a potion of mutation {unknown}
 n - 2 potions of curing
 p - a potion of invisibility {unknown}
 s - a potion of resistance {unknown}


   Skills:
 + Level 1.8 Fighting
 + Level 1.5 Armour
 + Level 2.5 Dodging
 * Level 3.8 Unarmed Combat
 - Level 2.0 Spellcasting
 + Level 2.5 Transmutations


You had 5 spell levels left.
You knew the following spells:

 Your Spells              Type           Power      Damage    Failure   Level
a - Beastly Appendage     Tmut           24%        N/A       7%          1
b - Wereblood             Tmut           12%        N/A       11%         2

Your spell library contained the following spells:

 Spells                   Type           Power      Damage    Failure   Level
 Passwall                 Tmut/Erth      5%         N/A       17%         2
 Sandblast                Erth           4%         2d4       19%         1
 Poisonous Vapours        Pois/Air       4%         N/A       28%         2
 Spider Form              Tmut/Pois      7%         N/A       34%         3
 Stone Arrow              Conj/Erth      4%         3d7       50%         3
 Ice Form                 Ice/Tmut       7%         N/A       75%         4
 Corpse Rot               Necr/Pois/Air  2%         N/A       88%         4


Dungeon Overview and Level Annotations

Branches:
Dungeon (4/15)
 Temple: D:4-7

Annotations:
D:4 Blork the orc


Innate Abilities, Weirdness & Mutations

You have temporarily grown beastly horns and talons.
You have an increased reservoir of magic. (+10% MP)
You shall have no god before yourself.
Your divine heritage dramatically boosts your attributes as you level up.


Message History

There is an open door here.
You see here 4 poisoned darts.
Found a dagger.
e - a ring of flight You fly up into the air.
e - a ring of flight (right hand)
You now have 191 gold pieces (gained 6).
A hornet comes into view.
The hornet buzzes angrily.
Casting: Beastly Appendage (safe; 7% risk of failure)
Confirm with . or Enter, or press ? or * to list all spells.
Okay, then.
Throw: 5 darts (atropa)
Press: ? - help, Q - select action, (/) - cycle Shift-Dir - straight line, f - hornet
Aim: a hornet (46% to hit, chance to blind on hit: 3%)
Okay, then.
Throw: 5 darts (curare)
Press: ? - help, Shift-Dir - straight line, f - hornet
Aim: a hornet (46% to hit)
You throw a curare-tipped dart.
The curare-tipped dart misses the hornet.
Throw: 4 darts (curare)
Press: ? - help, Shift-Dir - straight line, f/p - hornet
Aim: a hornet (46% to hit)
You throw a curare-tipped dart.
The curare-tipped dart closely misses the hornet.
Casting: Beastly Appendage (safe; 7% risk of failure)
Confirm with . or Enter, or press ? or * to list all spells.
You grow a pair of large bovine horns.
Your feet morph into talons.
You hit the hornet but do no damage. You claw the hornet.
You headbutt the hornet.
The hornet is lightly wounded.
The hornet stings you!
You feel yourself slow down. The hornet completely misses you.
It was a potion of might.
You feel very mighty all of a sudden. The hornet stings you!
You feel as though you will be slow longer.
The hornet stings you!
You die...

#..... #.....
############.....
#........@y...(#
##.##########..#
#.......... ...#
#..###########.###########
#..# #...................
#..# ##...##.#.###########
#..# #.......#.#
#..######.####.#
#............#.#


You could see a hornet.

Vanquished Creatures
  A jelly (D:3)
  Terence (D:2)
  An adder (D:3)
  3 worms
  A dart slug (D:1)
  8 orcs
  8 endoplasms
  3 giant cockroaches
  6 goblins
  8 hobgoblins
  2 jackals (D:2)
  3 quokkas
  7 ball pythons
  3 bats
  4 frilled lizards
  4 kobolds
  3 rats
66 creatures vanquished.

Notes
Turn   | Place    | Note
-------+----------+-------------------------------------------
     0 | D:1      | Timinator the Demigod Transmuter began the quest for the
                  | Orb.
     0 | D:1      | Reached XP level 1. HP: 15/15 MP: 5/5
   123 | D:1      | Reached skill level 1 in Fighting
   537 | D:1      | Reached XP level 2. HP: 23/23 MP: 5/7
   802 | D:1      | Reached skill level 3 in Unarmed Combat
  1470 | D:2      | Learned a level 2 spell: Wereblood
  1523 | D:2      | Noticed Terence
  1540 | D:2      | Killed Terence
  1541 | D:2      | Reached skill level 1 in Armour
  1541 | D:2      | Reached XP level 3. HP: 11/28 MP: 5/8
  2313 | D:3      | Reached XP level 4. HP: 28/35 MP: 5/9
  3266 | D:4      | Reached XP level 5. HP: 34/41 MP: 10/10
  3411 | D:4      | Noticed Blork the orc
  4180 | D:4      | Noticed a hornet
  4185 | D:4      | Slain by a hornet

Illustrated notes

Levels and vault maps discovered:
D:1:      ncdulo_smallfort, layout_basic
D:2:      layout_basic, uniq_terence
D:3:      layout_basic, chequers_temple_overflow_statue_of_worship,
          grunt_decor_one_mirror, grunt_ministairs_8
D:4:      minmay_general_purpose_star, layout_basic, nicolae_gozag_seed_capital,
          uniq_blork_the_orc

Skill      XL: |  1  2 |
---------------+-------+-----
Fighting       | 1 |  1.8
Dodging        | 2 |  2.5
Unarmed Combat | 3 |  3.8
Transmutations | 2 |  2.5
Armour         | 1 |  1.5
Spellcasting   | 2 |  2.0

Action                   |  1- 3 |  4- 6 || total
-------------------------+-------+-------++-------
Melee: Unarmed           |   113 |    55 ||   168
       Kick              |    23 |    20 ||    43
       Headbutt          |     8 |     7 ||    15
       Punch             |     2 |       ||     2
Throw: Dart              |       |     4 ||     4
 Cast: Beastly Appendage |    26 |    20 ||    46
       Wereblood         |     3 |     4 ||     7
  Use: Potion            |     1 |     2 ||     3
       Scroll            |       |     4 ||     4
 Stab: Sleeping          |     3 |     3 ||     6
Armor: Robe              |     4 |       ||     4
       Skin              |     4 |       ||     4
       Leather armour    |     5 |     6 ||    11
Dodge: Dodged            |    67 |    32 ||    99
